 Dungeon Crawl Stone Soup version 0.24-a0-228-g05560da (webtiles) character file.

Game seed: 4300280550732142853

81 vulsuck the Insei (level 4, -3/32 HPs)
             Began as a Barachi Transmuter on Apr 2, 2019.
             Killed from afar by Natasha (5 damage)
             ... with a magic dart
             ... on level 2 of the Dungeon.
             The game lasted 00:09:34 (1772 turns).

vulsuck the Insei (Barachi Transmuter)              Turns: 1772, Time: 00:09:35

Health: -3/32      AC:  2    Str: 12    XL:     4   Next: 42%
Magic:  1/7        EV: 13    Int: 14    God:
Gold:   49         SH:  0    Dex: 12    Spells: 1/7 levels left

rFire    . . .     SeeInvis .     - Unarmed
rCold    . . .     Gourm    .   (no shield)
rNeg     . . .     Faith    .   b - +0 robe
rPois    .         Spirit   .   (no helmet)
rElec    .         Reflect  .   (no cloak)
rCorr    .         Harm     .   (no gloves)
MR       .....                  (no boots)
Stlth    +.........             (no amulet)
HPRegen  0.10/turn              (no ring)
MPRegen  0.10/turn              (no ring)

@: lethally poisoned (-3 -> -9), appendage, can't hop, slow
A: +LOS, swims, horns 2, slowness 1, strong legs 1
a: Hop, End Transformation


You were on level 2 of the Dungeon.
You were not hungry.
You had grown temporary horns.
You visited 1 branch of the dungeon, and saw 2 of its levels.

You collected 49 gold pieces.

Inventory:

Missiles
 a - 34 arrows
 e - 50 stones (quivered)
Armour
 b - a +0 robe (worn)
Comestibles
 c - 2 chunks of flesh
 d - 5 rations


   Skills:
 - Level 1.2 Fighting
 + Level 3.1 Dodging
 * Level 4.1 Unarmed Combat
 - Level 2.1 Spellcasting
 + Level 3.3 Transmutations
 + Level 1.0 Poison Magic


You had one spell level left.
You knew the following spells:

 Your Spells              Type           Power        Failure   Level  Hunger
a - Beastly Appendage     Tmut           ##....       6%          1    #......
b - Sticks to Snakes      Tmut           ##......     9%          2    ###....
c - Spider Form           Tmut/Pois      #.........   28%         3    ###....

Your spell library contained the following spells:

 Spells                   Type           Power        Failure   Level  Hunger
 Ice Form                 Ice/Tmut       #.......     75%         4    #####..
 Blade Hands              Tmut           ##........   86%         5    ######.


Dungeon Overview and Level Annotations

Branches:
Dungeon (2/15)

Altars:

Annotations:
D:2 Natasha, Robin


Innate Abilities, Weirdness & Mutations

Shadows flee at your approach. (+LOS)
You can swim through water.
You cover ground slowly.
You can hop short distances.
You have a pair of horns on your head.


Message History

Your ball python bites the kobold but does no damage.
Your ball python grabs the kobold.
Your ball python constricts the kobold.
Natasha stares at you and mumbles some strange words.
The magic dart hits you.
* * * LOW HITPOINT WARNING * * *
Hop to where?
Press: ? - help, Dir - move target cursor Boing!
* * * LOW HITPOINT WARNING * * *
You feel sick.
Your ball python bites the kobold but does no damage.
Your ball python constricts the kobold.
Natasha claws you.
* * * LOW HITPOINT WARNING * * *
The kobold struggles to escape constriction.
Okay, then.
Your ball python bites the kobold but does no damage.
Your ball python constricts the kobold.
Natasha casts a spell at you. The magic dart hits you.
You die...

## #......... .#
#.......>. .#
##......... .#
..(.K....S .#
#......... .# #.# .#
##.# # K. ... #..#.#
g.. .### #@##.# K...
## #.# .#..g.. #####
#h##.#(.... .PP.###
#S#..K.g... P.≈.P.#
#.#........ .≈..≈.#
#######K#......#
÷≈≈≈≈P# #.....Shg.#
≈≈)≈≈P####.......g.#
.≈≈.≈..÷÷..........#


You could see Natasha, 2 gnolls, an adder, a jackal, a kobold and a friendly
ball python.

Vanquished Creatures
  2 adders (D:2)
  2 dart slugs (D:1)
  3 leopard geckos (D:1)
  A ball python (D:2)
  A giant cockroach (D:1)
  8 goblins
  2 hobgoblins (D:1)
  4 jackals (D:1)
  6 kobolds
  5 bats
  9 rats
43 creatures vanquished.

Vanquished Creatures (collateral kills)
  A gnoll (D:1)
  An ooze (D:1)
  A jackal (D:2)
3 creatures vanquished.

Grand Total: 46 creatures vanquished

Notes
Turn   | Place    | Note
-------+----------+-------------------------------------------
     0 | D:1      | vulsuck the Barachi Transmuter began the quest for the Orb.
     0 | D:1      | Reached XP level 1. HP: 15/15 MP: 3/3
   348 | D:1      | Reached XP level 2. HP: 15/21 MP: 3/5
   352 | D:1      | Learned a level 2 spell: Sticks to Snakes
   650 | D:1      | Reached XP level 3. HP: 22/26 MP: 4/6
   736 | D:1      | Learned a level 3 spell: Spider Form
  1275 | D:2      | Noticed Natasha
  1275 | D:2      | Noticed Robin
  1352 | D:2      | Reached skill level 4 in Unarmed Combat
  1352 | D:2      | Reached XP level 4. HP: 28/32 MP: 7/7
  1485 | D:2      | Reached skill level 1 in Poison Magic
  1771 | D:2      | HP: 1/32 [Natasha (2)]
  1772 | D:2      | Killed from afar by Natasha

Levels and vault maps discovered:
D:1:      eino_arrival_water_star, layout_basic, bh_walls_and_bars
D:2:      layout_rooms, serial_bayou_pond_b, uniq_natasha, uniq_robin,
          uniq_crazy_yiuf_cottage

Skill      XL: |  1  2  3  4 |
---------------+-------------+-----
Transmutations | 3 |  3.3
Dodging        | 3 |  3.1
Unarmed Combat | 4 |  4.1
Poison Magic   | 1 |  1.0
Fighting       | |  1.2
Spellcasting   | |  2.1

Action                   |  1- 3 |  4- 6 || total
-------------------------+-------+-------++-------
Melee: Unarmed           |   124 |    50 ||   174
       Kick              |     3 |     2 ||     5
       Headbutt          |     4 |     4 ||     8
       Punch             |     1 |       ||     1
Throw: Stone             |    13 |     1 ||    14
 Cast: Beastly Appendage |    29 |    10 ||    39
       Sticks to Snakes  |     4 |     3 ||     7
 Abil: Hop               |       |     1 ||     1
  Use: Scroll            |       |     1 ||     1
 Stab: Sleeping          |     1 |       ||     1
  Eat: Chunk             |     3 |     2 ||     5
Armor: Robe              |    20 |    21 ||    41
Dodge: Dodged            |    73 |    57 ||   130

Table legend:
 A = Non-vault XP
 B = Vault XP
 C = Vault XP percentage of total XP
 D = Non-vault monster count
 E = Vault monster count
 F = Vault count percentage of total count
                 A         B        C        D         E       F
            +---------+---------+-------+---------+---------+-------
      Total |      99 |      18 |  15.4 |      42 |       4 |   8.7
            +---------+---------+-------+---------+---------+-------
        D:1 |      76 |       0 |   0.0 |      34 |       0 |   0.0
        D:2 |      23 |      18 |  43.9 |       8 |       4 |  33.3
            +---------+---------+-------+---------+---------+-------
